[Event "*** Titled Tuesday Blitz"]
[Site "Chess.com"]
[Date "2021.02.02"]
[Round "9"]
[White "KruHor"]
[Black "ChessFighter1975"]
[Result "1-0"]
[WhiteElo "2576"]
[BlackElo "2435"]
[TimeControl "180+1"]
[EndTime "11:46:00 PST"]
[Termination "KruHor won by resignation"]

1. e4 d6 2. d4 Nf6 3. Nc3 Nbd7 4. f4 e5 5. Nf3 exd4 6. Qxd4 c6 7. Bc4 d5 8. exd5 Bc5 9. Qd3 O-O 10. Ne5 Re8 11.
dxc6 bxc6 12. Be3 Bxe3 13. Bxf7+ Kh8 14. Bxe8 Bf2+ 15. Kxf2 Qxe8 16. Rhe1 Nxe5 17. fxe5 Ng4+ 18. Kg1 Be6 19. h3 Nh6 20. Rad1 Qh5 21. Ne4 Bd5 22. c4 Bxe4 23. Qxe4 Qg5 24. e6 Re8 25. e7 Nf7 26.
Rd8 Qc5+ 27. Kh1 Nxd8 28. exd8=Q Rxd8 29. Qe8+ Qf8 30. Qxc6 Rc8 31. Qd7 a5 32. c5 h6 33. c6 Rd8 34. Qe7 Qxe7 35. Rxe7 Rd1+ 36. Kh2 Rc1 37. c7 Kh7 38. b3 Kg6 39. a3 Kf6 40. Rd7 g5 41. b4 axb4 42. axb4 h5 43. b5 Ke6 44. Rh7 h4 45. b6 1-0

[Event "*** Titled Tuesday Blitz"]
[Site "Chess.com"]
[Date "2021.02.02"]
[Round "9"]
[White "PerAsperaAdAstraCB"]
[Black "SergeyShtyka"]
[Result "1-0"]
[WhiteElo "2368"]
[BlackElo "2460"]
[TimeControl "180+1"]
[EndTime "11:46:00 PST"]
[Termination "PerAsperaAdAstraCB won on time"]

1. d4 c5 2. dxc5 e5 3. Nc3 Bxc5 4. Ne4 Be7 5. Nd6+ Bxd6 6. Qxd6 Qe7 7. Qxe7+ Nxe7 8.
e4 d5 9. exd5 Nxd5 10. c3 Nc6 11. Nf3 f6 12. Bb5 Bd7 13. O-O O-O-O 14. Rd1 Nc7 15.
Bc4 Bg4 16. Be2 Rxd1+ 17. Bxd1 e4 18. h3 Rd8 19. Be3 Bh5 20. g4 Bf7 21. Nd2 Bg6 22.
Bc2 Re8 23. Nc4 Rd8 24. Nd2 Re8 25. Nc4 Re6 26. Rd1 b5 27. Nd6+ Kb8 28. Bf4 a6 29.
Nf5 Bxf5 30. gxf5 Re7 31. Rd6 Kb7 32. Kg2 b4 33. Ba4 Nb5 34. Rxc6 Kxc6 35. c4 Rd7 36.
cxb5+ axb5 37. Bb3 Rd3 38. Be3 g6 39. Kg3 g5 40.
Kg4 Rd8 41. Kh5 Rf8 42. Kh6 Kd6 43. Kxh7 Ke5 44. Bc5 Rc8 45. Bxb4 Kxf5 46. Bc3 Rc7+ 47. Kg8 1-0

[Event "*** Titled Tuesday Blitz"]
[Site "Chess.com"]
[Date "2021.02.02"]
[Round "9"]
[White "Rogarcia1"]
[Black "JQuiroga18"]
[Result "1-0"]
[WhiteElo "2299"]
[BlackElo "2424"]
[TimeControl "180+1"]
[EndTime "11:46:00 PST"]
[Termination "Rogarcia1 won by resignation"]

1. e4 e5 2. Nf3 Nc6 3. Bb5 a6 4.
Ba4 Nf6 5. O-O d6 6. d3 Bd7 7. c4 g6 8. Nc3 Bg7 9. h3 O-O 10. Be3 Ne7 11. Bxd7 Nxd7 12. Nd5 c6 13. Nc3 f5 14. Qb3 f4 15. c5+ d5 16. exd5 Kh8 17. Bd2 Nxc5 18. Qc4 Qd6 19. b4 Nd7 20. dxc6 Qxc6 21.
Ng5 h6 22. Ne6 Rfc8 23. Nxg7 Kxg7 24. Qxc6 Rxc6 25. Ne4 Rac8 26. d4 exd4 27. Bxf4 Nd5 28. Bd2 Rc2 29. Rfd1 Ne5 30. Be1 Nc3 31. Bxc3 dxc3 32.
Rd5 Re8 33. Rad1 Rxa2 34. Nxc3 Rc2 35. Ne4 Rc4 36. Nd6 Rec8 37. Nxc8 Rxc8 38. Rxe5 1-0

[Event "*** Titled Tuesday Blitz"]
[Site "Chess.com"]
[Date "2021.02.02"]
[Round "9"]
[White "Rud_Makarian"]
[Black "sergiochess83"]
[Result "1-0"]
[WhiteElo "2922"]
[BlackElo "2854"]
[TimeControl "180+1"]
[EndTime "11:46:02 PST"]
[Termination "Rud_Makarian won on time"]

1. d4 Nf6 2. c4 g6 3. Nc3 d5 4.
cxd5 Nxd5 5. Bd2 Bg7 6. e4 Nxc3 7. Bxc3 O-O 8. Qd2 Nd7 9. Nf3 b6 10. Bd3 e6 11. O-O Bb7 12. Rad1 c5 13. d5 exd5 14. exd5 Nf6 15. Bc4 Ne4 16. Qd3 Bxc3 17. bxc3 Nd6 18.
Rfe1 Qf6 19. Bb3 Rae8 20. Ba4 Rxe1+ 21. Rxe1 c4 22. Qd2 Rd8 23. h4 Nf5 24. Re8+ Rxe8 25. Bxe8 Qd6 26. Ng5 Bxd5 27. g4 Qe7 28. gxf5 Qxe8 29.
Qxd5 h6 30. Ne4 Qe7 31. f6 Qc7 32. Nd6 1-0

[Event "*** Titled Tuesday Blitz"]
[Site "Chess.com"]
[Date "2021.02.02"]
[Round "9"]
[White "kikydu96"]
[Black "ChristopherYoo"]
[Result "0-1"]
[WhiteElo "2583"]
[BlackElo "2841"]
[TimeControl "180+1"]
[EndTime "11:46:03 PST"]
[Termination "ChristopherYoo won by resignation"]

1. e4 c5 2. Nf3 Nc6 3. c3 Nf6 4. e5 Nd5 5. d4 cxd4 6. cxd4 g6 7. Bc4 Nb6 8. Bb3 Bg7 9. O-O O-O 10. Re1 d6 11.
Bf4 Bg4 12. h3 Bxf3 13. Qxf3 Nxd4 14. Qxb7 Rb8 15. Qxa7 Nxb3 16. axb3 Ra8 17. exd6 Rxa7 18. Rxa7 exd6 19. Nc3 Re8 20. Rxe8+ Qxe8 21. Rb7 Bd4 22. Bh6 Qa8 23. Re7 Bf6 24. Re2 Bg7 25. Be3 Qc6 26. g3 h5 27. b4 Nd7 28. b5 Qb7 29. Rd2 Be5 30. f4 Bxc3 31. bxc3 Qxb5 32. Rxd6 Qf5 33. Bd4 Qxh3 34. Kf2 Kf8 35. Ra6 Ke7 36. Ra7 Qh2+ 37.
Kf3 Qh1+ 38. Kf2 Ke6 39. Ra6+ Kf5 40. Ra7 Qd5 41. Rc7 Kg4 0-1

[Event "*** Titled Tuesday Blitz"]
[Site "Chess.com"]
[Date "2021.02.02"]
[Round "9"]
[White "Bastiandash"]
[Black "SlavenPastar"]
[Result "1-0"]
[WhiteElo "2494"]
[BlackElo "2622"]
[TimeControl "180+1"]
[EndTime "11:46:03 PST"]
[Termination "Bastiandash won by resignation"]

1. e4 b6 2. Nc3 Bb7 3. d4 e6 4. f3 c5 5. Be3 cxd4 6. Bxd4 Nc6 7. Be3 Bb4 8. Qd2 Rc8 9. Nge2 Nf6 10. a3 Be7 11. Nd4 Ne5 12. Ndb5 O-O 13. Nxa7 Nc4 14. Bxc4 Rxc4 15. Nab5 d5 16. exd5 Nxd5 17. Nxd5 Bxd5 18. O-O Rc8 19. b3 Qe8 20. c4 Bc6 21. Nd6 Rd8 22.
Nxe8 Rxd2 23. Bxd2 Rxe8 24. Be3 Rb8 25. Rfd1 Kf8 26.
b4 Ke8 27. Rac1 f6 28. Bf4 e5 29. Be3 f5 30. Re1 Kf7 31. b5 Bd7 32. c5 bxc5 33.
Bxc5 Bxc5+ 34. Rxc5 Bxb5 35. Rb1 1-0

[Event "*** Titled Tuesday Blitz"]
[Site "Chess.com"]
[Date "2021.02.02"]
[Round "9"]
[White "IriBu"]
[Black "ljuks68"]
[Result "1-0"]
[WhiteElo "2549"]
[BlackElo "2386"]
[TimeControl "180+1"]
[EndTime "11:46:03 PST"]
[Termination "IriBu won on time"]

1. e4 e6 2. d4 d5 3. Nc3 Bb4 4. Ne2 Nc6 5. a3 Ba5 6. e5 f6 7. exf6 Nxf6 8. Ng3 O-O 9. Bb5 Bb6 10. Bxc6 bxc6 11.
Be3 Ba6 12. Nce2 e5 13. c3 Ng4 14. O-O Qh4 15. h3 Nxe3 16. fxe3 Rxf1+ 17. Qxf1 Rf8 18. Qe1 c5 19. dxe5 Qe7 20. Nf1 Qxe5 21. Qd2 c6 22. Re1 Qf6 23. Neg3 Re8 24. Kh1 Rf8 25. e4 Bc7 26.
exd5 Bxf1 27. Ne4 Qe5 28. d6 Bd8 29. Qe3 Bc4 30. b4 Bd5 31. bxc5 Bxe4 32. Qxe4 Qxe4 33. Rxe4 Kf7 34. Ra4 a5 35. Re4 Re8 36. Rf4+ Kg6 37. Rg4+ Kf6 38. Kh2 1-0

[Event "*** Titled Tuesday Blitz"]
[Site "Chess.com"]
[Date "2021.02.02"]
[Round "9"]
[White "Gabrielian_Artur"]
[Black "OhanyanEminChess"]
[Result "1-0"]
[WhiteElo "2788"]
[BlackElo "2650"]
[TimeControl "180+1"]
[EndTime "11:46:07 PST"]
[Termination "Gabrielian_Artur won by resignation"]

1. c4 Nf6 2. Nc3 c5 3. g3 Nc6 4. Bg2 g6 5. e4 d6 6. d3 Bg7 7. Nge2 O-O 8. O-O Ne8 9. Be3 Nc7 10.
Qd2 Ne6 11. Bh6 Ncd4 12. Bxg7 Kxg7 13. f4 Nxe2+ 14. Nxe2 Nd4 15. Nxd4 cxd4 16. f5 f6 17. h4 Qc7 18. g4 Qc5 19. Rf3 Qe5 20. Raf1 Bd7 21. Bh3 gxf5 22. g5 fxg5 23. Bxf5 Bxf5 24. Rxf5 Qg3+ 25. Qg2 Qxg2+ 26. Kxg2 Rxf5 27. Rxf5 gxh4 28. Rd5 Kf6 29. Rxd4 Rg8+ 30. Kh3 Rg3+ 31. Kxh4 Rg2 32. Rd5 Rxb2 33. a4 b6 34. Kg4 Ra2 35. Rh5 Rxa4 36.
Rxh7 Ra3 37. Rh3 Ke5 38. d4+ Kxd4 39. Rxa3 a5 40. Rb3 Kc5 41. Kf5 a4 42. Ra3 Kb4 43.
Ra1 1-0

[Event "*** Titled Tuesday Blitz"]
[Site "Chess.com"]
[Date "2021.02.02"]
[Round "9"]
[White "Deepweb2020"]
[Black "AliKa2810"]
[Result "0-1"]
[WhiteElo "2392"]
[BlackElo "2572"]
[TimeControl "180+1"]
[EndTime "11:46:07 PST"]
[Termination "AliKa2810 won by checkmate"]

1. d4 Nf6 2. c4 g6 3. Nf3 Bg7 4. g3 O-O 5. Bg2 d6 6. O-O Nc6 7. Nc3 Bf5 8. b3 Ne4 9. Bb2 Nxc3 10. Bxc3 Be4 11. Qd2 Qd7 12. Rac1 d5 13. c5 e6 14. b4 a6 15. a4 Ne7 16. Ra1 Nf5 17. Qb2 h6 18. b5 axb5 19. axb5 g5 20. b6 c6 21. Ra7 g4 22. Nd2 Bxg2 23. Kxg2 h5 24. Rfa1 Rab8 25. Nb3 h4 26. Bd2 e5 27. Qc2 exd4 28. Bf4 Rbe8 29.
Rd1 h3+ 30. Kg1 Re4 31. Na5 Qe6 32. Rd2 Nh4 33. Rxb7 Nf3+ 34. Kf1 Nxh2+ 35. Kg1 Nf3+ 36. Kf1 Nxd2+ 37. Qxd2 Rxe2 38. Qxe2 Qxe2+ 39. Kxe2 h2 40. Nxc6 h1=Q 41. Ne7+ Kh8 42. Rd7 Qe4+ 43. Kf1 d3 44.
Rxd5 Qh1# 0-1

[Event "*** Titled Tuesday Blitz"]
[Site "Chess.com"]
[Date "2021.02.02"]
[Round "9"]
[White "ehrenfeld"]
[Black "CM_rui"]
[Result "1-0"]
[WhiteElo "2504"]
[BlackElo "2365"]
[TimeControl "180+1"]
[EndTime "11:46:07 PST"]
[Termination "ehrenfeld won by checkmate"]

1. e4 e5 2. Nc3 Nf6 3. f4 d5 4. fxe5 Nxe4 5. Qf3 Nxc3 6. bxc3 c5 7. Bb5+ Bd7 8. Rb1 Bxb5 9. Rxb5 Qd7 10. c4 Nc6 11. Qxd5 Qc7 12. Nf3 Rd8 13. Qe4 Be7 14. O-O O-O 15. d3 b6 16. Bf4 Nb4 17. e6 Bd6 18. Bxd6 Rxd6 19. Ng5 f5 20. Rxf5 Rd4 21. Rxf8+ Kxf8 22. Qf5+ Ke8 23. Qf7+ Qxf7 24. exf7+ Ke7 25. f8=Q+ Kxf8 26. Ne6+ Ke7 27. Nxd4 a6 28. Rxb4 cxb4 29. Kf2 a5 30. Ke3 Kd6 31. Nb5+ Kc5 32. Ke4 a4 33. Ke5 g5 34. g4 h6 35. h3 a3 36. Nd4 b5 37. Nb3+ Kb6 38. c5+ Kc6 39. d4 h5 40. d5+ Kd7 41. c6+ Kc7 42. Ke6 Kb6 43. d6 h4 44. d7 Kc7 45. Ke7 Kxc6 46. d8=Q Kb7 47. Qd7+ Ka6 48. Qd6+ Kb7 49. Nc5+ Ka8 50.
Qa6+ Kb8 51. Qb7# 1-0

[Event "*** Titled Tuesday Blitz"]
[Site "Chess.com"]
[Date "2021.02.02"]
[Round "9"]
[White "Skat2704"]
[Black "Zhigalko_Sergei"]
[Result "0-1"]
[WhiteElo "2512"]
[BlackElo "2879"]
[TimeControl "180+1"]
[EndTime "11:46:08 PST"]
[Termination "Zhigalko_Sergei won by resignation"]

1. d4 Nf6 2. c4 e6 3. Nf3 b6 4.
g3 Ba6 5. Qc2 Bb4+ 6. Bd2 Be7 7.
Bg2 c6 8. O-O d5 9. b3 O-O 10.
Bf4 Nbd7 11. Nbd2 Nh5 12. e4 Nxf4 13. gxf4 Rc8 14. a4 c5 15. exd5 exd5 16. Ne5 cxd4 17. Qf5 Nxe5 18. fxe5 Bb4 19. Nf3 dxc4 20. Ng5 g6 21. Qf4 Be7 22. Ne4 c3 23. Rfc1 Bd3 24. Nf6+ Bxf6 25. exf6 Bf5 26. Qh4 Re8 27. Re1 d3 28. Rxe8+ Qxe8 29. Qh6 Qf8 30. Qe3 d2 31. Bf3 Qd8 32. h4 c2 0-1

[Event "*** Titled Tuesday Blitz"]
[Site "Chess.com"]
[Date "2021.02.02"]
[Round "9"]
[White "Chessbard1972"]
[Black "Mr_Sinigami"]
[Result "0-1"]
[WhiteElo "2409"]
[BlackElo "2629"]
[TimeControl "180+1"]
[EndTime "11:46:08 PST"]
[Termination "Mr_Sinigami won on time"]

1. e4 d5 2. exd5 Nf6 3. d4 Nxd5 4. Nf3 g6 5. Bc4 Bg7 6. O-O O-O 7. h3 Nc6 8. c3 Nb6 9. Bb3 e5 10. dxe5 Qxd1 11. Rxd1 Nxe5 12. Nxe5 Bxe5 13. Bh6 Bg7 14. Bxg7 Kxg7 15. Na3 c6 16. Rd6 Nd7 17. Re1 Nc5 18.
Bc4 a5 19. Nc2 Na4 20. Rb1 Bf5 21. Bb3 Nc5 22. Rc1 Nd3 23. Rf1 a4 24. Ne3 axb3 25. Nxf5+ gxf5 26. Rxd3 Rxa2 27. Rb1 Re8 28. Kf1 b5 29.
Rd6 Re6 30. Rd4 Re4 31. f3 Rxd4 32. cxd4 Kf6 33. Ke2 Ra4 34. Kd3 Rc4 35. Ra1 Rc2 36. Ra6 Ke6 37. g4 fxg4 38. hxg4 Kd5 39. Ra7 Rxb2 40.
Rxf7 Rf2 41. Rf5+ Kd6 0-1

[Event "*** Titled Tuesday Blitz"]
[Site "Chess.com"]
[Date "2021.02.02"]
[Round "9"]
[White "Chopper1905"]
[Black "dretch"]
[Result "1-0"]
[WhiteElo "2946"]
[BlackElo "2852"]
[TimeControl "180+1"]
[EndTime "11:46:09 PST"]
[Termination "Chopper1905 won by resignation"]

1. d4 d5 2. c4 c6 3. cxd5 cxd5 4. Bf4 Nc6 5. e3 Nf6 6. Nc3 Bf5 7. Nf3 e6 8. Qb3 Bb4 9. Ne5 Qb6 10.
Nxc6 bxc6 11. Be2 Ne4 12. f3 Nxc3 13. bxc3 Be7 14. Kf2 O-O 15. Rhc1 c5 16. Qxb6 axb6 17. a4 Rfc8 18. Bb5 g5 19. Bg3 h5 20. h3 f6 21. Bd7 Rd8 22. Bc6 Ra7 23. e4 Bg6 24. Ke3 cxd4+ 25. cxd4 dxe4 26. fxe4 f5 27. Be5 fxe4 28.
Rab1 Be8 29. Bxe8 Rxe8 30. Rxb6 Kf7 31. Rf1+ Kg8 32. Rxe6 Rxa4 33. Rg6+ Kh7 34. Rg7+ Kh6 35. Rff7 Bf8 36. Rg8 Raa8 37. Rh8+ Kg6 38. Rf6+ Kg7 39. Rfxf8+ Rxe5 40. Rxa8 1-0

[Event "*** Titled Tuesday Blitz"]
[Site "Chess.com"]
[Date "2021.02.02"]
[Round "9"]
[White "wonderfultime"]
[Black "Smirnov_Pavel"]
[Result "0-1"]
[WhiteElo "3001"]
[BlackElo "2895"]
[TimeControl "180+1"]
[EndTime "11:46:09 PST"]
[Termination "Smirnov_Pavel won by resignation"]

1. d4 Nf6 2. Nf3 e6 3. Bf4 c5 4. c3 d5 5. e3 Bd6 6. Nbd2 O-O 7.
Bd3 b6 8. Qe2 Bxf4 9. exf4 a5 10. O-O Ba6 11. Bxa6 Nxa6 12. Rfe1 Nc7 13. Rad1 c4 14.
Ne5 b5 15. g4 b4 16. g5 Nd7 17.
Qh5 f6 18. Nxd7 Qxd7 19. Re3 fxg5 20. fxg5 Rf5 21. Qh4 Raf8 22. Rh3 g6 23. Rf1 bxc3 24. bxc3 e5 25. dxe5 Ne6 26. Re3 Rxg5+ 27. Kh1 Rgf5 28. f3 Nf4 29. Rfe1 Qe6 30. Rb1 Rxe5 31. Rxe5 Qxe5 32.
Rb7 h5 33. Qe7 Qxe7 34. Rxe7 Rb8 35. Kg1 Rb2 36. Nf1 Rg2+ 37. Kh1 Rxa2 38. h4 a4 39. Ra7 a3 40. Ne3 Re2 41. Nf1 a2 0-1

[Event "*** Titled Tuesday Blitz"]
[Site "Chess.com"]
[Date "2021.02.02"]
[Round "9"]
[White "chessmadara"]
[Black "oogee"]
[Result "0-1"]
[WhiteElo "2154"]
[BlackElo "2347"]
[TimeControl "180+1"]
[EndTime "11:46:10 PST"]
[Termination "oogee won on time"]

1. e4 c5 2. Nf3 d6 3. d4 cxd4 4.
Nxd4 Nf6 5. Nc3 g6 6. Bc4 Bg7 7.
f3 Nc6 8. Be3 Qb6 9. Qd2 Nxe4 10. Nxe4 Bxd4 11. Bxd4 Qxd4 12. Qe2 O-O 13. c3 Qb6 14.
Rd1 Ne5 15. Bb3 a5 16. h4 a4 17. Bd5 h5 18. Ng5 Qc5 19. Qd2 Kg7 20. Ne4 Qb5 21. Qd4 f6 22. Qd2 Ra6 23. Ng3 e6 24. Be4 d5 25. Bb1 Rb6 26. Qc2 f5 27. Qe2 Qxe2+ 28. Kxe2 Rxb2+ 29. Ke1 b6 30. Ne2 Ba6 31. Nd4 Kf6 32.
a3 Rc8 33. g3 Rxc3 34. f4 Re3+ 0-1

[Event "*** Titled Tuesday Blitz"]
[Site "Chess.com"]
[Date "2021.02.02"]
[Round "9"]
[White "zmeeed67"]
[Black "Papullon"]
[Result "1-0"]
[WhiteElo "2364"]
[BlackElo "2131"]
[TimeControl "180+1"]
[EndTime "11:46:10 PST"]
[Termination "zmeeed67 won by resignation"]

1. e4 c5 2. Nf3 e6 3. Nc3 a6 4. g3 d6 5. Bg2 b6 6. O-O Bb7 7. d3 Nd7 8. a3 Qc7 9. Re1 Be7 10.
Bf4 Ne5 11. Nxe5 dxe5 12. Be3 Nf6 13. h3 Rd8 14. b3 b5 15. Qe2 O-O 16. a4 b4 17. Nb1 Nd7 18. Nd2 Nb8 19. Nc4 Nc6 20.
a5 Nd4 21. Bxd4 cxd4 22. Rf1 Bc5 23. f4 exf4 24. gxf4 f6 25. e5 Bxg2 26. Qxg2 fxe5 27. fxe5 Rxf1+ 28. Rxf1 Rf8 29. Rxf8+ Bxf8 30. Qa8 Qf7 31. Qxa6 Qg6+ 32. Kf2 Qf5+ 33. Ke1 Be7 34. Qa8+ Kf7 35. Qg2 Bh4+ 36. Ke2 Ke7 37. Qxg7+ Kd8 38. Qg2 Qf4 39. a6 Qc1 40. a7 Qxc2+ 41. Nd2 1-0

[Event "*** Titled Tuesday Blitz"]
[Site "Chess.com"]
[Date "2021.02.02"]
[Round "9"]
[White "MarcoRiehle"]
[Black "GadimbayliA"]
[Result "0-1"]
[WhiteElo "2704"]
[BlackElo "2892"]
[TimeControl "180+1"]
[EndTime "11:46:11 PST"]
[Termination "GadimbayliA won by resignation"]

1. e4 e5 2. Nf3 d5 3. Nxe5 Bd6 4. d4 dxe4 5. Nc4 Nf6 6. Nc3 O-O 7. Bg5 Nc6 8. Nxd6 Qxd6 9. d5 Ne7 10. Bc4 Bf5 11.
Qd4 Nc6 12. Qd2 Ne5 13. Bb3 h6 14. Bf4 Nh5 15. Be3 Rad8 16. O-O-O a6 17. h3 Nf6 18. f4 exf3 19. g4 Bg6 20. g5 hxg5 21. Bxg5 Rde8 22.
Bxf6 Qxf6 23. h4 Ng4 24. h5 Bf5 25. h6 gxh6 26. Kb1 Qg5 27. Qd4 f2 28. d6 cxd6 29.
Nd5 Re4 30. Qb6 Rfe8 31. Nc7 R8e5 32. Qxd6 Re1 33. a4 Rxh1 34. Rxh1 Re1+ 35. Ka2 Rxh1 36.
Nd5 f1=Q 37. Ne7+ Qxe7 38. Qb8+ Kh7 0-1

[Event "*** Titled Tuesday Blitz"]
[Site "Chess.com"]
[Date "2021.02.02"]
[Round "9"]
[White "FMOlexandrProhorov"]
[Black "pavelalexandru07"]
[Result "0-1"]
[WhiteElo "2144"]
[BlackElo "2315"]
[TimeControl "180+1"]
[EndTime "11:46:12 PST"]
[Termination "pavelalexandru07 won by checkmate"]

1. Nf3 c5 2. e4 d6 3. c3 Nf6 4. Be2 e5 5. O-O Be7 6. Re1 O-O 7. Bf1 a6 8. h3 b6 9. d4 Nbd7 10. Na3 Bb7 11. Bd3 Qc7 12. Bg5 Rfe8 13. Rc1 Bf8 14.
Nc2 c4 15. Bf1 Nxe4 16. dxe5 dxe5 17. Ne3 b5 18. Nd5 Bxd5 19. Qxd5 Nxg5 20. Nxg5 Nf6 21. Qf3 Rad8 22. g3 Bc5 23. Ne4 Nxe4 24. Qxe4 Rd2 25.
Re2 Red8 26. Rce1 f6 27. Bg2 Qb6 28. Rxd2 Rxd2 29. Qa8+ Kf7 30. Rf1 Rxf2 31. Kh2 Rxf1 32. Bxf1 Bg1+ 33. Kh1 Qf2 34. Qd5+ Kg6 35. Bg2 Qe1 36.
Be4+ Kh6 37. Qe6 Be3+ 38. Kg2 Qf2+ 39. Kh1 Qg1# 0-1

[Event "*** Titled Tuesday Blitz"]
[Site "Chess.com"]
[Date "2021.02.02"]
[Round "9"]
[White "mbojan"]
[Black "Milchone1"]
[Result "1-0"]
[WhiteElo "2658"]
[BlackElo "2518"]
[TimeControl "180+1"]
[EndTime "11:46:15 PST"]
[Termination "mbojan won by resignation"]

1. Nf3 Nf6 2. g3 g6 3. Bg2 Bg7 4. O-O O-O 5. d3 d6 6. e4 Nc6 7. Nbd2 e5 8. c3 a5 9. b3 Nh5 10. Re1 h6 11. Bb2 f5 12. exf5 gxf5 13. d4 e4 14. Nh4 Nf6 15. Nc4 d5 16. Ne5 Nxe5 17.
dxe5 Ng4 18. f4 exf3 19. Nxf3 Re8 20. c4 dxc4 21. Qxd8 Rxd8 22. h3 c3 23. Bc1 a4 24.
b4 Rd3 25. hxg4 fxg4 26. Nh4 Rxg3 27. Bf4 Rd3 28. Be4 Rd4 29. Rac1 c6 30. a3 Be6 31.
Rxc3 Rf8 32. Ng2 h5 33. Bg3 Bh6 34. Rd3 Rxd3 35. Bxd3 Rd8 36. Bg6 Rd3 37. Bxd3 1-0

[Event "*** Titled Tuesday Blitz"]
[Site "Chess.com"]
[Date "2021.02.02"]
[Round "9"]
[White "paulrusan"]
[Black "MrrRefrao"]
[Result "0-1"]
[WhiteElo "2262"]
[BlackElo "2386"]
[TimeControl "180+1"]
[EndTime "11:46:15 PST"]
[Termination "MrrRefrao won on time"]

1. e4 c6 2. d4 d6 3. f3 Nf6 4. Nc3 g6 5. Be3 b5 6. Qd2 Nbd7 7. a4 b4 8. Nd1 Rb8 9. a5 Bg7 10. Nf2 c5 11. Bd3 cxd4 12. Bxd4 Qc7 13. Ne2 O-O 14. O-O Nc5 15. c4 Nb3 16. Qe3 Nxa1 17. Rxa1 Nd7 18. Bxg7 Kxg7 19. Nd4 a6 20. Nb3 Nc5 21.
Nxc5 Qxc5 22. Nd1 Be6 23. b3 h5 24. h4 Qxe3+ 25. Nxe3 f5 26. exf5 gxf5 27. f4 Kf6 28. Be2 Bf7 29. Bf3 e6 30. Rd1 Rfd8 31. Kf2 Rbc8 32. Nc2 e5 33. Nxb4 e4 34. Be2 Rc5 35. Ra1 Rb8 36. Nxa6 e3+ 37. Ke1 Ra8 38. Nxc5 dxc5 39.
Kd1 Be8 40. Kc2 Bc6 41. Bf3 Be4+ 42. Bxe4 fxe4 43. Kd1 Kf5 44. g3 Kg4 45. Ke2 Kxg3 46. Kxe3 Kxh4 47. a6 Kg4 48. Kxe4 h4 0-1

[Event "*** Titled Tuesday Blitz"]
[Site "Chess.com"]
[Date "2021.02.02"]
[Round "9"]
[White "Godzillator"]
[Black "MasterMK73"]
[Result "0-1"]
[WhiteElo "2297"]
[BlackElo "2228"]
[TimeControl "180+1"]
[EndTime "11:46:15 PST"]
[Termination "MasterMK73 won by checkmate"]

1. d4 d5 2. c4 e6 3. cxd5 exd5 4. Nc3 c6 5. Qc2 Nf6 6. Bg5 Be7 7. e3 Nbd7 8. Bd3 Nh5 9. Bxe7 Qxe7 10. O-O-O Nb6 11. Kb1 Be6 12. Rc1 Nf6 13. Nf3 O-O 14. h3 Rac8 15. g4 h6 16. Rcg1 Rfe8 17. g5 hxg5 18. Rxg5 Ne4 19.
Bxe4 dxe4 20. Rhg1 f5 21. Ne5 Rc7 22. Ne2 Nd5 23. h4 Nb4 24. Qd1 Bxa2+ 25. Ka1 Qe6 26.
Nf4 Qc8 27. Qh5 b5 28. Nfg6 Rxe5 29. Qh8+ Kf7 30. Nxe5+ Ke6 31. Qh7 Rf7 32. Nxf7 Qa6 33. Nd8+ Kd6 34. Rg6+ Be6+ 35. Kb1 Qa2+ 36. Kc1 Qa1+ 37.
Kd2 Qxb2+ 38. Ke1 Nd3+ 39. Kd1 Qb1+ 40. Kd2 Qb2+ 41. Kd1 Nxf2+ 42. Ke1 Nd3+ 43. Kd1 Qb1+ 44. Kd2 Qb2+ 45. Kd1 Qc1+ 46. Ke2 Qc2+ 47. Kf1 Qf2# 0-1

[Event "*** Titled Tuesday Blitz"]
[Site "Chess.com"]
[Date "2021.02.02"]
[Round "9"]
[White "KarateBaby"]
[Black "OMGCovid-19"]
[Result "1/2-1/2"]
[WhiteElo "2214"]
[BlackElo "1985"]
[TimeControl "180+1"]
[EndTime "11:46:15 PST"]
[Termination "Game drawn by agreement"]

1. Nf3 Nf6 2. c4 c5 3. Nc3 Nc6 4. e3 g6 5. d4 cxd4 6. exd4 d5 7. cxd5 Nxd5 8. Bc4 Nxc3 9. bxc3 Bg7 10. O-O O-O 11.
Ba3 Bg4 12. Re1 Re8 13. Rb1 Qd7 14. Qb3 Bxf3 15. Bxf7+ Kh8 16. gxf3 Rf8 17. Be6 Qc7 18. Qxb7 Qxb7 19. Rxb7 Nd8 20. Rxe7 Nxe6 21. R1xe6 Rfc8 22. Bc5 Bf8 23. Rxa7 Bxc5 24. Rxa8 Rxa8 25. dxc5 Rc8 26. c6 Kg7 27. a4 Kf7 28. Rd6 Ke7 29. Rd7+ Ke6 30.
Rxh7 Rxc6 31. Rh4 Rxc3 32. Kg2 Kf5 33. Rg4 g5 34. Rb4 Ra3 35. Rb5+ Kf4 36. Rb4+ Kf5 37. Kg3 Ra2 38. Rb5+ Kg6 39. Kg4 Rxf2 40. Rxg5+ Kf6 41. Ra5 Rxh2 42. Ra6+ Ke5 43. f4+ Ke4 44. Re6+ Kd5 45.
Re1 Ra2 46. Kf5 Rxa4 47. Rd1+ Kc6 48. Kg6 Rxf4 1/2-1/2

[Event "*** Titled Tuesday Blitz"]
[Site "Chess.com"]
[Date "2021.02.02"]
[Round "9"]
[White "onetowin"]
[Black "Abdimalik_Abdisalimov"]
[Result "0-1"]
[WhiteElo "1997"]
[BlackElo "2288"]
[TimeControl "180+1"]
[EndTime "11:46:15 PST"]
[Termination "Abdimalik_Abdisalimov won by resignation"]

1. d4 Nf6 2. Nc3 d5 3. Bf4 a6 4. a4 c5 5. dxc5 e6 6. e3 Bxc5 7. Nf3 O-O 8. Bd3 Nc6 9. Ne5 Bd6 10. Nxc6 bxc6 11. Bxd6 Qxd6 12. O-O e5 13. Be2 Rb8 14. b3 a5 15. Bf3 e4 16. Nxe4 Nxe4 17. Bxe4 Qe5 18.
Bd3 Be6 19. Qf3 c5 20. Qg3 Qxg3 21. hxg3 c4 22. bxc4 dxc4 23. Be4 Rb2 24. Rfb1 Rfb8 25. Rxb2 Rxb2 26. Ra3 f5 27. Bc6 Rxc2 28. Ra1 c3 29. Bb5 Rb2 30. Rc1 c2 31. Bd3 Rb1 32. Rxb1 cxb1=Q+ 33. Bxb1 g6 34. Bc2 Kf7 35. Kf1 Bd5 36. f3 Ke6 37. Ke2 Bc4+ 38. Kd2 Bf1 39. e4 fxe4 40. Bxe4 Bxg2 41. Kc3 Kd6 42. Kc4 Bf1+ 43. Kd4 Be2 44. f4 Bd1 45. f5 gxf5 46. Bxf5 h6 47. Bd3 Bxa4 48. Ke4 Bd7 49. Kf4 a4 50. g4 a3 51.
Bc4 Be6 52. Bxe6 Kxe6 53. g5 hxg5+ 54. Kxg5 a2 0-1

[Event "*** Titled Tuesday Blitz"]
[Site "Chess.com"]
[Date "2021.02.02"]
[Round "9"]
[White "Kobalia"]
[Black "arctic_t00"]
[Result "1-0"]
[WhiteElo "2701"]
[BlackElo "2535"]
[TimeControl "180+1"]
[EndTime "11:46:16 PST"]
[Termination "Kobalia won on time"]

1. e4 e6 2. d3 c5 3. Nd2 Nc6 4. Ngf3 d6 5. g3 Nf6 6. Bg2 Be7 7. O-O O-O 8. c3 Bd7 9. Re1 b5 10. d4 cxd4 11. cxd4 Rc8 12. e5 Nd5 13. Ne4 dxe5 14. dxe5 Ncb4 15. Nd4 Qc7 16. Bg5 Bxg5 17. Nxg5 h6 18. Ne4 Qxe5 19. Nc5 Qd6 20. Nxd7 Qxd7 21. a3 Na6 22. Qd3 Rc4 23. Nxb5 Qxb5 24. Bf1 Qxb2 25. Qxc4 Nac7 26. Rec1 Qf6 27. Qa4 a6 28. Bg2 Rd8 29. Rd1 Rf8 30. Qd4 Qe7 31. a4 Rb8 32. Rac1 Rb4 33. Rc4 Rb3 34. Rdc1 Rb7 35. h4 Rb3 36. h5 a5 37. Be4 Rb8 38. Qe5 Rb7 39. Rc5 Ra7 40.
Bxd5 Nxd5 41. Rc8+ Kh7 42. R1c6 1-0

[Event "*** Titled Tuesday Blitz"]
[Site "Chess.com"]
[Date "2021.02.02"]
[Round "9"]
[White "gumimis"]
[Black "Fortitudine"]
[Result "1-0"]
[WhiteElo "2329"]
[BlackElo "2337"]
[TimeControl "180+1"]
[EndTime "11:46:17 PST"]
[Termination "gumimis won on time"]

1. e4 c5 2. Nf3 d6 3. d4 cxd4 4.
Nxd4 Nf6 5. Nc3 Nc6 6. Bg5 Bd7 7. f4 Rc8 8. Qd2 Nxd4 9. Qxd4 Qa5 10. Bd3 Qc5 11.
Ne2 Qxd4 12. Nxd4 a6 13. a4 e6 14. O-O Be7 15. a5 Ng4 16. Bxe7 Kxe7 17. Rae1 Rc7 18.
h3 Nf6 19. e5 dxe5 20. fxe5 Nd5 21. c3 Rcc8 22. Rf3 Rcf8 23. Be4 Bc6 24. Nxc6+ bxc6 25. c4 Nb4 26. Rb3 c5 27. Rg3 g6 28. Kf2 Rd8 29.
Rge3 Rd4 30. b3 Rhd8 31. R1e2 h5 32. h4 Rd2 33. g3 Rd1 34. Re1 R8d2+ 35. R3e2 Rxe2+ 36. Kxe2 Rxe1+ 37. Kxe1 1-0